Map: Orbital Shipyard

Players

WingZerO

  • Race: Terran Terran
  • League: Platinum

Voir - Winner!

  • Race: Terran Terran
  • League: Platinum

VOD

Have the link to the VOD?

Description

3 Rax Reaper

Time

  • Played on: Dec. 18, 2015, 4:04 p.m.
  • Length: 3:36
Show
View Real Time Build Order
Export as new Build Order

WingZerO Terran 

Build Orders:  

Get SALT Encoding   

  12  0:01  SCV  
  13  0:13  SCV  
  14  0:17  Supply Depot  
  14  0:25  SCV  
  15  0:39  SCV  
  16  0:43  Barracks  
  16  0:49  Refinery  
  16  0:51  SCV  
  17  1:03  SCV  
  18  1:15  SCV  
  19  1:27  SCV  
  19  1:29  Command Center  
  20  1:36  Reaper  
  22  1:42  Orbital Command  
  21  1:51  Supply Depot  
  21  2:10  Barracks Reactor  
  21  2:11  SCV  
  22  2:23  SCV  
  23  2:31  Factory  
  23  2:35  SCV, Refinery  
  23  2:46  Marine  
  23  2:47  Marine  
  25  2:51  Orbital Command  
  24  3:04  Marine x2  
  26  3:10  Bunker  
Show
View Real Time Build Order
Export as new Build Order

Voir Terran - Winner!

Build Orders:  

Get SALT Encoding   

  12  0:01  SCV  
  13  0:13  SCV  
  14  0:17  Supply Depot  
  14  0:25  Refinery  
  14  0:31  SCV  
  15  0:42  Barracks  
  15  1:03  Barracks  
  15  1:15  Barracks  
  15  1:20  SCV  
  16  1:31  Reaper  
  17  1:38  Supply Depot  
  17  1:44  SCV  
  18  1:53  Reaper  
  19  2:03  Reaper  
  20  2:13  Orbital Command  
  20  2:15  Reaper  
  21  2:25  Reaper  
Tags
 
Add a new tag
Caveats
  • Supply blocks, unpowered buildings, or Contaminate may cause inaccurate times.
  • Supply counts are checked every 10 seconds.